 Dungeon Crawl Stone Soup version 0.23.2-1-ga50397a (webtiles) character file.

Game seed: 13517059513169567052

104 redwoodhats the Chucker (level 4, -2/40 HPs)
             Began as a Naga Hunter on May 17, 2019.
             Slain by an adder (3 damage)
             ... on level 3 of the Dungeon.
             The game lasted 00:10:42 (2125 turns).

redwoodhats the Chucker (Naga Hunter)               Turns: 2125, Time: 00:10:43

Health: -2/40      AC:  4    Str: 14    XL:     4   Next: 80%
Magic:  4/4        EV: 10    Int: 12    God:
Gold:   161        SH:  0    Dex: 12    Spells: 3/3 levels left

rFire    . . .     SeeInvis +   a - +0 short sword
rCold    . . .     Gourm    .   (no shield)
rNeg     . . .     Faith    .   b - +0 leather armour
rPois    +         Spirit   .   (no helmet)
rElec    .         Reflect  .   (no cloak)
rCorr    .         Harm     .   j - +0 pair of gloves
MR       .....                  (no barding)
Stlth    ++........             (no amulet)
HPRegen  0.13/turn              (no ring)
MPRegen  0.09/turn              (no ring)

@: very slow
A: large, see invisible, deformed body, poison resistance, slowness 2, slow
metabolism 1, spit poison 1, AC +1
a: Spit Poison


You were on level 3 of the Dungeon.
You were not hungry.

You visited 1 branch of the dungeon, and saw 3 of its levels.

You collected 161 gold pieces.

Inventory:

Hand Weapons
 a - a +0 short sword (weapon)
Missiles
 c - 5 javelins (quivered)
 d - a throwing net
Armour
 b - a +0 leather armour (worn)
 h - a cursed +1 scale mail
 j - a +0 pair of gloves (worn)
 m - a +0 helmet
Jewellery
 g - a cursed -4 ring of dexterity
 i - an uncursed ring of wizardry
Scrolls
 k - a scroll of remove curse {unknown}
 l - 3 scrolls of identify
Potions
 e - 2 potions of curing
Comestibles
 f - 6 rations


   Skills:
 + Level 2.3 Fighting
 + Level 1.1 Short Blades
 + Level 4.4 Throwing
 + Level 1.3 Armour
 + Level 2.1 Dodging
 + Level 1.7 Stealth


You had 3 spell levels left.
You didn't know any spells.
Your spell library contained the following spells:

 Spells                   Type           Power        Failure   Level  Hunger
 Magic Dart               Conj           #...         38%         1    ##.....
 Blink                    Tloc           N/A          52%         2    ###....
 Call Imp                 Summ           #.......     52%         2    ###....
 Slow                     Hex            #.......     52%         2    ###....
 Conjure Flame            Conj/Fire      #.......     77%         3    ####...
 Mephitic Cloud           Conj/Pois/Air  #.......     77%         3    ####...


Dungeon Overview and Level Annotations

Branches:
Dungeon (3/15)

Altars:
Gozag


Innate Abilities, Weirdness & Mutations

You cannot wear boots.
Your serpentine skin is tough. (AC +1)
You have supernaturally acute eyesight. (SInv)
Armour fits poorly on your strangely shaped body.
Your system is resistant to poisons. (rPois)
You cover ground very slowly.
You have a slow metabolism.
You can spit poison.


Message History

The hobgoblin hits you.
* * * LOW HITPOINT WARNING * * *
The adder closely misses you.
You hit the hobgoblin.
The hobgoblin is almost dead.
The hobgoblin closely misses you. The adder bites you.
* * * LOW HITPOINT WARNING * * *
You hit the hobgoblin but do no damage.
The hobgoblin is almost dead.
The hobgoblin completely misses you. The adder closely misses you.
You hit the hobgoblin but do no damage.
The hobgoblin is almost dead.
The adder bites you.
* * * LOW HITPOINT WARNING * * *
The hobgoblin barely misses you. The adder bites you.
* * * LOW HITPOINT WARNING * * *
You barely miss the hobgoblin.
The hobgoblin is almost dead.
The hobgoblin barely misses you. The adder bites you.
You die...

# #### .... #### #
###### #..g@####
#....S....# #####
#.####....# #...#####
#....###### #........
#.........###...#####
######...)#........##
####.#..........
#..........##
###.#........


You could see an adder and a hobgoblin.

Vanquished Creatures
  Jessica (D:3)
  2 adders (D:2)
  An ooze (D:3)
  A worm (D:2)
  2 dart slugs (D:1)
  3 leopard geckos
  2 giant cockroaches (D:2)
  3 goblins
  4 hobgoblins
  A jackal (D:3)
  4 kobolds
  A quokka (D:3)
  2 ball pythons
  9 bats
  5 frilled lizards
  6 rats
47 creatures vanquished.

Notes
Turn   | Place    | Note
-------+----------+-------------------------------------------
     0 | D:1      | redwoodhats the Naga Hunter began the quest for the Orb.
     0 | D:1      | Reached XP level 1. HP: 19/19 MP: 1/1
   129 | D:1      | Reached XP level 2. HP: 21/26 MP: 2/2
   421 | D:1      | Reached skill level 4 in Throwing
   740 | D:2      | Reached XP level 3. HP: 32/32 MP: 3/3
   898 | D:2      | Found an opulent altar of Gozag.
  1491 | D:2      | Reached skill level 1 in Armour
  1491 | D:2      | Reached XP level 4. HP: 8/39 MP: 4/4
  1888 | D:3      | Noticed Jessica
  1914 | D:3      | Killed Jessica
  1914 | D:3      | Reached skill level 1 in Short Blades
  2124 | D:3      | HP: 1/40 [adder (5)]
  2125 | D:3      | Slain by an adder

Skill      XL: |  1  2  3  4 |
---------------+-------------+-----
Throwing       | 4 |  4.4
Armour         | 1 |  1.3
Short Blades   | 1 |  1.1
Dodging        | 2 |  2.1
Fighting       | |  2.3
Stealth        | |  1.7

Action                   |  1- 3 |  4- 6 || total
-------------------------+-------+-------++-------
Melee: Short sword       |    93 |    59 ||   152
Throw: Javelin           |    40 |     1 ||    41
       Throwing net      |     1 |       ||     1
  Use: Potion            |     3 |       ||     3
       Scroll            |     3 |     2 ||     5
 Stab: Sleeping          |     1 |       ||     1
  Eat: Ration            |     1 |       ||     1
Armor: Leather armour    |    62 |    23 ||    85
Dodge: Dodged            |    84 |    59 ||   143
